 Dungeon Crawl Stone Soup version 0.29-a0-914-g906f1d757c (webtiles) character file.

Game seed: 10059867087805326129

1378 leavemydog the Destroyer (level 8, -3/42 HPs)
             Began as a Deep Elf Conjurer on July 26, 2022.
             Slain by Duvessa
             ... wielding a +0 long sword
              (22 damage)
             ... on level 5 of the Dungeon.
             The game lasted 00:15:12 (5689 turns).

leavemydog the Destroyer (Deep Elf Conjurer)        Turns: 5689, Time: 00:15:12

Health: -3/42      AC:  2    Str:  6    XL:     8   Next: 39%
Magic:  4/21       EV: 13    Int: 24    God:
Gold:   236        SH:  0    Dex: 19    Spells: 15/22 levels left

rFire   . . .      SeeInvis .   p - staff of air
rCold   . . .      Faith    .   (no shield)
rNeg    . . .      Spirit   .   a - +0 robe
rPois   .          Reflect  .   (no helmet)
rElec   +          Harm     .   (no cloak)
rCorr   .          Rampage  .   (no gloves)
Will    .....                   (no boots)
Stlth   ++........              (no amulet)
HPRegen 0.14/turn               g - ring of wizardry
MPRegen 0.17/turn               m - +6 ring of dexterity

@: no status effects
A: no striking features
a: no special abilities


You were on level 5 of the Dungeon.
You visited 1 branch of the dungeon, and saw 5 of its levels.

You collected 236 gold pieces.

Inventory:

Hand Weapons
 t - a +2 short sword of electrocution
 w - the +3 spear of Defoik Vesi {elec, *Corrode rF+++ rC+ rN+++}
   (You found it on level 4 of the Dungeon)

   It occasionally discharges a powerful burst of electricity upon striking a
   foe.
   rF:        It renders you almost immune to fire.
   rC:        It protects you from cold.
   rN:        It renders you almost immune to negative energy.
   *Corrode:  It may corrode you when you take damage.
Armour
 a - a +0 robe (worn)
 s - +2 gold dragon scales
Magical Staves
 p - a staff of air (weapon)
Jewellery
 g - a ring of wizardry (left hand)
 h - a +6 ring of strength
 m - a +6 ring of dexterity (right hand)
 u - a ring of positive energy
 x - an amulet of regeneration
Scrolls
 d - a scroll of brand weapon {unknown}
 e - 2 scrolls of teleportation
 f - a scroll of immolation
 i - 2 scrolls of vulnerability
 q - a scroll of blinking {unknown}
 v - a scroll of noise {unknown}
Potions
 b - a potion of flight
 c - a potion of mutation
 j - a potion of haste
 k - a potion of resistance
 l - a potion of lignification
 n - a potion of heal wounds
 o - a potion of curing {unknown}
 r - a potion of magic


   Skills:
 + Level 0.5 Fighting
 - Level 2.4 Dodging
 - Level 2.4 Stealth
 + Level 7.7 Spellcasting
 * Level 10.0 Conjurations
 - Level 3.0 Translocations


You had 15 spell levels left.
You knew the following spells:

 Your Spells              Type           Power      Damage    Failure   Level
a - Magic Dart            Conj           100%       1d8       1%          1
b - Searing Ray           Conj           100%       2d8       1%          2
c - Iskenderun's Mystic   Conj/Tloc      40%        2d9       1%          4

Your spell library contained the following spells:

 Spells                   Type           Power      Damage    Failure   Level
 Dazzling Flash           Conj/Hex       66%        N/A       1%          3
 Fulminant Prism          Conj/Hex       16%        3d11      3%          4
 Spider Form              Tmut/Pois      9%         N/A       9%          3
 Swiftness                Air            13%        N/A       9%          3
 Freezing Cloud           Conj/Ice/Air   19%        6-21      19%         5
 Silence                  Hex/Air        6%         N/A       56%         5


Dungeon Overview and Level Annotations

Branches:
Dungeon (5/15)
 Temple: D:4-7

Altars:
Hepliaklqana
Ru
Trog

Shops:
D:1 !

Annotations:
D:4 2 runed translucent doors
D:5 Duvessa


Message History

Aim: Duvessa, wielding a +0 long sword and wearing a +0 ring mail (fast, 100% to hit)
The magic dart hits Duvessa.
Duvessa is lightly wounded.
Duvessa goes berserk!
You hear a shout!
You hear a shout!
Duvessa rages.
Casting: Magic Dart (safe; 1% risk of failure)
Confirm with . or Enter, or press ? or * to list all spells.
Aiming: Searing Ray (safe; 1% risk of failure)
Press: ? - help, Shift-Dir - straight line, f/p - Duvessa
Aim: Duvessa, wielding a +0 long sword and wearing a +0 ring mail (berserk, fast, 87% to hit)
The searing ray hits Duvessa!
Duvessa is lightly wounded. (Press . to maintain the ray.)
The searing ray hits Duvessa!
Duvessa is moderately wounded.
The searing ray hits Duvessa.
Duvessa is heavily wounded.
Duvessa closely misses you.
The searing ray hits Duvessa.
Duvessa is heavily wounded.
You finish channelling your searing ray.
Duvessa hits you with a +0 long sword! Duvessa closely misses you.
Casting: Searing Ray (safe; 1% risk of failure)
Confirm with . or Enter, or press ? or * to list all spells.
Aiming: Searing Ray (safe; 1% risk of failure)
Press: ? - help, Shift-Dir - straight line, f/p - Duvessa
Aim: Duvessa, wielding a +0 long sword and wearing a +0 ring mail (heavily wounded, berserk, fast, 87% to hit)
The searing ray misses Duvessa. (Press . to maintain the ray.) Duvessa barely misses you.
The searing ray hits Duvessa!
Duvessa is severely wounded.
Duvessa barely misses you. Duvessa hits you with a +0 long sword!
The searing ray hits Duvessa.
Duvessa is severely wounded.
Duvessa hits you with a +0 long sword!!
Ouch! That really hurt!
You die...

..... ##†.....#.... #...
............ #..# ##)........
#...###...#.).# #..#.....#.#
#..........# ##....###..#
#...### ##e## ##...## #@.#
#....## #........ ##..##
##....# #.#......>. #....
###..# #)#....... ...# ##..##
#.#......# #..
##.#....###........## ##.###
#.........(..........###...##
###.#...##...........#....#..
########..........##.......


You could see Duvessa (berserk, fast).

Vanquished Creatures
  Sigmund (D:5)
  A water moccasin (D:4)
  2 black bears
  An ogre (D:5)
  A phantom (D:5)
  Blork the orc (D:5)
  A bullfrog (D:4)
  A scorpion (D:5)
  A necrophage (D:4)
  Dowan (D:5)
  2 howler monkeys
  4 hounds
  2 jellies (D:4)
  An iguana (D:5)
  An orc wizard (D:4)
  Robin (D:1)
  5 adders
  2 worms
  5 dart slugs
  2 orcs
  7 ball pythons
  6 endoplasms
  3 giant cockroaches
  14 goblins
  9 hobgoblins
  4 jackals
  2 quokkas
  3 bats
  10 frilled lizards
  5 kobolds
  6 rats
  A spectral orc (D:4)
106 creatures vanquished.

Notes
Turn   | Place    | Note
-------+----------+-------------------------------------------
     0 | D:1      | leavemydog the Deep Elf Conjurer began the quest for the
                  | Orb.
     0 | D:1      | Reached XP level 1. HP: 10/10 MP: 6/6
   308 | D:1      | Reached XP level 2. HP: 15/15 MP: 5/8
   311 | D:1      | Learned a level 2 spell: Searing Ray
   374 | D:1      | Found Zoim's Distillery.
   452 | D:1      | Found a faded altar of an unknown god.
   463 | D:1      | Reached skill level 5 in Conjurations
   939 | D:2      | Noticed Robin
  1124 | D:1      | Killed Robin
  1125 | D:1      | Reached XP level 3. HP: 1/19 MP: 7/9
  1745 | D:2      | Reached skill level 6 in Conjurations
  1745 | D:2      | Reached XP level 4. HP: 21/24 MP: 0/11
  2430 | D:2      | Learned a level 4 spell: Iskenderun's Mystic Blast
  2527 | D:3      | Found a bloodstained altar of Trog.
  3221 | D:4      | Noticed a black bear
  3231 | D:4      | Killed a black bear
  3232 | D:4      | Reached skill level 7 in Conjurations
  3232 | D:4      | Reached XP level 5. HP: 8/28 MP: 1/13
  3647 | D:4      | Found a sacrificial altar of Ru.
  3653 | D:4      | Reached skill level 1 in Translocations
  3848 | D:4      | Found a large runed translucent door.
  3848 | D:4      | Found a large runed translucent door.
  3858 | D:4      | Reached XP level 6. HP: 27/32 MP: 7/14
  3931 | D:4      | Noticed a water moccasin
  3940 | D:4      | Killed a water moccasin
  3941 | D:4      | Reached skill level 5 in Spellcasting
  4117 | D:4      | Reached skill level 8 in Conjurations
  4117 | D:4      | Reached XP level 7. HP: 16/36 MP: 10/16
  4280 | D:4      | Found a large runed translucent door.
  4280 | D:4      | Found a large runed translucent door.
  4285 | D:4      | Got the Writings on Meteoric Poison
  4469 | D:4      | Identified the +3 spear of Defoik Vesi {elec, *Corrode
                  | rF+++ rC+ rN+++}
  4585 | D:4      | Found a hazy altar of Hepliaklqana.
  4768 | D:5      | Entered Level 5 of the Dungeon
  5105 | D:5      | Reached skill level 9 in Conjurations
  5140 | D:5      | Noticed Sigmund
  5148 | D:5      | Killed Sigmund
  5149 | D:5      | Reached XP level 8. HP: 32/41 MP: 6/20
  5455 | D:5      | Noticed Blork the orc
  5461 | D:5      | Killed Blork the orc
  5662 | D:5      | Noticed Dowan
  5676 | D:5      | Killed Dowan
  5677 | D:5      | Reached skill level 10 in Conjurations
  5678 | D:5      | Noticed Duvessa
  5689 | D:5      | Slain by Duvessa

Illustrated notes

Levels and vault maps discovered:
D:1:      lightli_iron_boxes, layout_loops_ring, serial_shops,
          nicolae_shop_crystal, hellmonk_ecumenical_altar_heavens_door,
          minmay_misc_feat_nine_boxes
D:2:      minmay_skewed_foursquare, layout_loops_cross, uniq_robin
D:3:      layout_rooms, mainiacjoe_overflow_paths, kennysheep_cluttered_room
D:4:      layout_gridville, nicolae_ru_great_annihilating_truth,
          nicolae_hepliaklqana_monster_ancestors, minmay_hollow_rounded_squares
D:5:      layout_cave_pools, kennysheep_mini, uniq_sigmund, uniq_duvessa,
          uniq_blork_the_orc

Skill      XL: |  1  2  3  4  5  6  7  8 |
---------------+-------------------------+-----
Conjurations   | 5 6 7 8 9 10 | 10.0
Spellcasting   | 4 5 7 |  7.7
Translocations | 1 2 3 |  3.0
Fighting       | |  0.5
Dodging        | |  2.4
Stealth        | |  2.4

Action                   |  1- 3 |  4- 6 |  7- 9 || total
-------------------------+-------+-------+-------++-------
 Cast: Magic Dart        |    50 |    80 |    40 ||   170
       Searing Ray       |     6 |     7 |    18 ||    31
       Iskenderun's Myst |       |       |     1 ||     1
  Use: Potion            |     1 |       |       ||     1
       Scroll            |       |     8 |     1 ||     9
Armor: Robe              |     2 |     4 |       ||     6
Dodge: Dodged            |    15 |    20 |    15 ||    50

Table legend: (Time is in decaauts)
 A = Elapsed time spent in this place.
 B = Non-inter-level travel time spent in this place.
 C = Inter-level travel time spent in this place.
 D = Time resting spent in this place.
 E = Time spent auto-exploring this place.
 F = Levels seen in this place.
 G = Mean time per level.
                   A        B        C        D        E       F      G
               +--------+--------+--------+--------+--------+-----+--------+
         Total |   5685 |   5580 |    105 |   2511 |   2529 |   5 | 1137.0 |
       Dungeon |   5685 |   5580 |    105 |   2511 |   2529 |   5 | 1137.0 |
               +--------+--------+--------+--------+--------+-----+--------+

Top non-repeatable levels by time:
     D:4: 1592 daAuts
     D:1: 1392 daAuts
     D:2: 1042 daAuts
     D:5: 920 daAuts
     D:3: 738 daAuts
